 Dungeon Crawl Stone Soup version 0.31-a0-995-g04711c9635 (webtiles) character file.

Game seed: 3972272837840389425

128 Gladio the Digger (level 5, 0/38 HPs)
             Began as a Meteoran Earth Elementalist on Nov 6, 2023.
             Slain by an iguana (8 damage)
             ... on level 4 of the Dungeon.
             The game lasted 00:06:00 (1754 turns).

Gladio the Digger (Meteoran Earth Elementalist)     Turns: 1754, Time: 00:06:02

Health: 0/38       AC:  3    Str: 10    XL:     5   Next: 61%
Magic:  3/12       EV: 12    Int: 18    God:
Gold:   102        SH:  0    Dex: 14    Spells: 6/12 levels left

rFire   . . .        k - +0 short sword (protect)
rCold   . . .        (no shield)
rNeg    . . .        a - +0 robe
rPois   .            (no helmet)
rElec   .            j - +0 cloak
rCorr   .            (no gloves)
SInv    .            (no boots)
Will    .....        (no amulet)
Stlth   +            (no ring)
HPRegen 0.26/turn    (no ring)
MPRegen 0.13/turn

%: no passive effects
@: very slightly contaminated, glowing
A: sense surroundings 1, otherworldly, glowing, explore regen
a: no special abilities


You were on level 4 of the Dungeon.
You visited 1 branch of the dungeon, and saw 4 of its levels.

You collected 102 gold pieces.

Inventory:

Hand Weapons
 k - a +0 short sword of protection (weapon)
Armour
 a - a +0 robe (worn)
 j - a +0 cloak (worn)
Scrolls
 c - 2 scrolls of vulnerability {unknown}
 d - a scroll of amnesia {unknown}
 e - a scroll of torment
 f - a scroll of silence {unknown}
 i - a scroll of brand weapon
 l - a scroll of fear {unknown}
 n - a scroll of poison {unknown}
Potions
 b - a potion of magic
 g - 2 potions of attraction
 h - a potion of brilliance {unknown}
 m - a potion of heal wounds {unknown}


   Skills:
 - Level 2.2 Dodging
 - Level 1.4 Stealth
 + Level 4.2 Spellcasting
 - Level 1.2 Transmutations
 * Level 5.9 Earth Magic


You had 6 spell levels left.
You knew the following spells:

 Your Spells              Type           Power      Damage    Failure   Level
a - Sandblast             Erth           50%        2d12      1%          1
b - Stone Arrow           Conj/Erth      28%        3d8       13%         3
c - Passwall              Tmut/Erth      13%        N/A       4%          2

Your spell library contained the following spells:

 Spells                   Type           Power      Damage    Failure   Level
 Lesser Beckoning         Tloc           6%         N/A       22%         2
 Poisonous Vapours        Pois/Air       6%         N/A       22%         2
 Sublimation of Blood     Necr           3%         N/A       22%         2
 Petrify                  Tmut/Erth      16%        N/A       32%         4
 Brom's Barrelling Bould  Conj/Erth      14%        2d4       38%         4
 Gell's Gravitas          Tloc           3%         N/A       41%         3
 Mephitic Cloud           Conj/Pois/Air  3%         N/A       41%         3
 Teleport Other           Tloc           3%         N/A       41%         3
 Irradiate                Conj/Tmut      3%         3d12      97%         5
 Freezing Cloud           Conj/Ice/Air   1%         6-21      99%         5


Dungeon Overview and Level Annotations

Branches:
Dungeon (4/15) Zot: 602
 Temple: D:4-7

Altars:

Shops:
D:2 (**[*

Annotations:
D:4 3 runed translucent doors


Innate Abilities, Weirdness & Mutations

You passively map a small area around you.
You are easily found by Zot.
You glow in the dark.
You regain HP and MP as you explore.


Message History

The iguana bites you.
You are too injured to fight recklessly!
Unknown command.
Casting: Sandblast (safe; 1% risk of failure)
Confirm with . or Enter, or press ? or * to list all spells.
Okay, then.
Casting: Stone Arrow (quite dangerous; 13% risk of failure)
Confirm with . or Enter, or press ? or * to list all spells.
Okay, then.
Sorry, you're not good enough to have a special ability.
Casting: Stone Arrow (quite dangerous; 13% risk of failure)
Confirm with . or Enter, or press ? or * to list all spells.
Aiming: Stone Arrow (quite dangerous; 13% risk of failure)
Press: ? - help, Shift-Dir - straight line, f/p - iguana
Aim: an iguana (72% to hit)
You miscast Stone Arrow.
You are very lightly contaminated with residual magic.
Nothing appears to happen.
The iguana barely misses you. The iguana attacks as it pursues you!
The iguana bites you!
* * * LOW HITPOINT WARNING * * *
You are too injured to fight recklessly!
Aiming: Sandblast (safe; 1% risk of failure)
Press: ? - help, Q - select action, (/) - cycle Shift-Dir - straight line, f/p - iguana
Aim: an iguana (85% to hit)
The blast of sand hits the iguana but does no damage.
The iguana barely misses you.
Aiming: Sandblast (safe; 1% risk of failure)
Press: ? - help, Q - select action, (/) - cycle Shift-Dir - straight line, f/p - iguana
Aim: an iguana (85% to hit)
The blast of sand hits the iguana but does no damage.
The iguana bites you but does no damage.
The iguana bites you.
* * * LOW HITPOINT WARNING * * *
Aiming: Sandblast (safe; 1% risk of failure)
Press: ? - help, Q - select action, (/) - cycle Shift-Dir - straight line, f/p - iguana
Aim: an iguana (85% to hit)
The blast of sand hits the iguana!
The iguana is severely wounded.
The iguana bites you!
You die...

..†...##..#, , , , ,
(.....# ## ,, , , ......#
#.###, , * ,. , ......###
#..##### , .. ,
........###....<.# *,...
.................####... ,
,, #................#.....
.. ,,
#######..........w.###....
* #..#......@l?....... ,
,,......##.####.#..... ,,
, ,..........#**#........
> ,......#..... #........
* .♣♣♣♣♣♣♣♣♣..#,.........
, , ,.♣..,......... ~ .
.......<.... , , ≈
#.#.....## , #. .....#


You could see a worm and an iguana.

Vanquished Creatures
  An orc wizard (D:3)
  3 adders
  A worm (D:2)
  5 orcs (D:3)
  3 endoplasms
  3 giant cockroaches
  9 hobgoblins
  5 jackals (D:1)
  5 kobolds
  4 quokkas
  6 ball pythons
  9 bats
  3 frilled lizards
  A goblin (D:2)
  3 rats (D:1)
61 creatures vanquished.

Notes
Turn   | Place    | Note
-------+----------+-------------------------------------------
     0 | D:1      | Gladio the Meteoran Earth Elementalist began the quest for
                  | the Orb.
     0 | D:1      | Reached XP level 1. HP: 14/14 MP: 5/5
    51 | D:1      | Reached XP level 2. HP: 20/20 MP: 4/6
    56 | D:1      | Reached skill level 4 in Earth Magic
   154 | D:1      | Found a faded altar of an unknown god.
   219 | D:1      | Reached XP level 3. HP: 26/26 MP: 6/8
   407 | D:1      | Learned a level 3 spell: Stone Arrow
   410 | D:1      | Learned a level 2 spell: Passwall
   482 | D:1      | Glimpsed the power of Zot.
   604 | D:2      | Found Ykhynair's Assorted Antiques.
   627 | D:2      | Found Nuecruja's General Store.
   629 | D:2      | Found Reuleif's Armour Shop.
   639 | D:2      | Found Buiviunt's Antique Weapon Boutique.
   717 | D:2      | Reached XP level 4. HP: 33/33 MP: 4/10
   999 | D:2      | Found Etou's Assorted Antiques.
  1071 | D:2      | Reached skill level 5 in Earth Magic
  1073 | D:2      | Glimpsed the power of Zot.
  1123 | D:2      | Glimpsed the power of Zot.
  1368 | D:3      | Reached XP level 5. HP: 37/38 MP: 2/12
  1662 | D:3      | Glimpsed the power of Zot.
  1712 | D:3      | Glimpsed the power of Zot.
  1721 | D:4      | Found a runed translucent gate.
  1721 | D:4      | Found a runed translucent gate.
  1721 | D:4      | Found a runed translucent gate.
  1754 | D:4      | Slain by an iguana

Illustrated notes

Levels and vault maps discovered:
D:1:      dpeg_arrival_pits, layout_basic, hellmonk_ecumenical_altar_dog_temple,
          chequers_serial_rivers_small_a
D:2:      layout_basic, serial_shops, shop, shop, shop, shop, shop
D:3:      layout_basic
D:4:      minmay_chambers_of_threes, layout_rooms, mainiacjoe_overflow_paths,
          mainiacjoe_overflow_two_lobes, gammafunk_ghost_icy, uniq_pikel

Skill      XL: |  1  2  3  4 |
---------------+-------------+-----
Spellcasting   | 3 4 |  4.2
Earth Magic    | 4 5 |  5.9
Dodging        | |  2.2
Stealth        | |  1.4
Transmutations | |  1.2

Action                     |  1- 3 |  4- 6 || total
---------------------------+-------+-------++-------
  Melee: Unarmed           |     1 |     1 ||     2
   Cast: Sandblast         |    41 |    45 ||    86
         Stone Arrow       |     1 |       ||     1
    Use: Scroll            |       |     4 ||     4
 Armour: Robe              |     4 |    15 ||    19
  Dodge: Dodged            |     5 |    14 ||    19

Table legend: (Time is in decaauts)
 A = Elapsed time spent in this place.
 B = Non-inter-level travel time spent in this place.
 C = Inter-level travel time spent in this place.
 D = Time resting spent in this place.
 E = Time spent auto-exploring this place.
 F = Levels seen in this place.
 G = Mean time per level.
                   A        B        C        D        E       F      G
               +--------+--------+--------+--------+--------+-----+--------+
         Total |   1796 |   1662 |    134 |      0 |   1304 |   4 |  449.0 |
       Dungeon |   1796 |   1662 |    134 |      0 |   1304 |   4 |  449.0 |
               +--------+--------+--------+--------+--------+-----+--------+

Top non-repeatable levels by time:
     D:2: 657 daAuts
     D:3: 571 daAuts
     D:1: 529 daAuts
     D:4: 37 daAuts
